 Dungeon Crawl Stone Soup version 0.21.1-1-g345015f (webtiles) character file.

143 Fang the Skirmisher (level 5, 0/49 HPs)
             Began as a Gargoyle Berserker on May 11, 2018.
             Was a Believer of Trog.
             Slain by an ooze (3 damage)
             ... on level 2 of the Dungeon.
             The game lasted 00:01:56 (1200 turns).

Fang the Skirmisher (Gargoyle Berserker)            Turns: 1200, Time: 00:01:56

Health: 0/49       AC: -1    Str: 26    XL:     5   Next: 25%
Magic:  5/5        EV: 12    Int:  8    God:    Trog [**....]
Gold:   38         SH:  0    Dex:  9    Spells: 4/4 levels left

rFire    . . .     SeeInvis .   l - +2 whip (flame)
rCold    . . .     Gourm    .   (no shield)
rNeg     + . .     Faith    .   b - +0 animal skin
rPois    ∞         Spirit   .   (no helmet)
rElec    +         Reflect  .   (no cloak)
rCorr    .         Harm     .   (no gloves)
MR       .....                  (no boots)
Stlth    ..........             (no amulet)
HPRegen  0.16/turn              (no ring)
MPRegen  0.09/turn              (no ring)

@: berserking (expiring), corroded, very quick
A: negative energy resistance 1, electricity resistance, unbreathing,
petrification resistance, rot immunity, AC +4
a: Berserk, Trog's Hand, Burn Spellbooks, Renounce Religion


You were on level 2 of the Dungeon.
You worshipped Trog.
Trog was pleased with you.
You were very hungry.

You visited 1 branch of the dungeon, and saw 2 of its levels.

You collected 38 gold pieces.

Inventory:

Hand Weapons
 a - a +0 hand axe
 l - a +2 whip of flaming (weapon)
Armour
 b - a +0 animal skin (worn)
Scrolls
 d - a scroll of enchant weapon {unknown}
 e - a scroll of blinking {unknown}
 f - 3 scrolls of identify {unknown}
 h - a scroll of remove curse {unknown}
 i - 2 scrolls of fear {unknown}
 j - a scroll of enchant armour {unknown}
 k - a scroll of noise {unknown}
Potions
 g - a potion of might {unknown}
 m - a potion of lignification {unknown}
Comestibles
 c - 4 rations


   Skills:
 + Level 4.2 Fighting
 + Level 3.9 Axes
 + Level 0.4(2.6) Maces & Flails
 + Level 2.5 Armour
 + Level 2.2 Dodging
 + Level 1.3 Stealth


You had 4 spell levels left.
You didn't know any spells.

Dungeon Overview and Level Annotations

Branches:
Dungeon (2/15)

Altars:
Ashenzari
The Shining One


Innate Abilities, Weirdness & Mutations

You are resistant to torment.
Your stone body is resilient. (AC +4)
You are immune to poison.
You resist negative energy. (rN+)
You are resistant to electric shocks. (rElec)
You can survive without breathing.
You are immune to petrification.
You are immune to rotting.


Message History

The ooze hits the fungus. x2
You are too berserk!
You hit the ooze. You burn the ooze.
You kill the ooze!
Trog accepts your kill. The ooze closely misses you.
You hit the ooze. You burn the ooze.
The ooze is almost dead.
The ooze hits the fungus. x2
You hit the ooze but do no damage.
The ooze is almost dead.
The ooze hits the fungus.
The ooze barely misses you. The ooze closely misses you.
The ooze hits the fungus. x2
There isn't anything here!
You hit the ooze but do no damage.
The ooze is almost dead.
The ooze hits the fungus.
The fungus is destroyed!
The ooze hits you.
You die...

........# ###
#######.##?.....##.#######
#.##.P...P#.#.#....#####
######.##...÷..#.#.#.....##.#
#...<..##P...P.#.#'#......'.##
##.####.##.....÷#.#......)('..#
...# #.##..PP..#.#........'..#
#######.##.÷..JJ#.#......)##..#
#......##....JP@##......###..#
...#....##....JJ############.##
####.†..######## ### #..#
........# #.###.## ####....#
#.....# #.....# #.##### #.....#
#.# #.###.# #.# #.# #.# #.#


You could see 5 oozes.

Vanquished Creatures
  2 jellies (D:2)
  An adder (D:2)
  3 oozes (D:2)
  A worm (D:2)
  2 dart slugs (D:1)
  A leopard gecko (D:1)
  An orc (D:2)
  A ball python (D:1)
  2 bats (D:1)
  5 giant cockroaches
  7 goblins
  4 hobgoblins
  4 jackals
  10 kobolds
  2 quokkas (D:2)
  3 frilled lizards
  5 rats
54 creatures vanquished.

Vanquished Creatures (others)
  A fungus (D:2)
  8 toadstools (D:2)
9 creatures vanquished.

Grand Total: 63 creatures vanquished

Notes
Turn   | Place    | Note
-------+----------+-------------------------------------------
     0 | D:1      | Fang the Gargoyle Berserker began the quest for the Orb.
     0 | D:1      | Reached XP level 1. HP: 14/14 MP: 1/1
    26 | D:1      | Reached XP level 2. HP: 19/19 MP: 2/2
   336 | D:1      | Reached XP level 3. HP: 21/24 MP: 3/3
   774 | D:2      | Reached ** piety under Trog
   831 | D:2      | Found a shattered altar of Ashenzari.
   902 | D:2      | Found a glowing golden altar of the Shining One.
  1015 | D:2      | Reached skill level 1 in Stealth
  1015 | D:2      | Reached XP level 4. HP: 22/29 MP: 4/4
  1145 | D:2      | Reached skill level 4 in Fighting
  1188 | D:2      | Reached XP level 5. HP: 16/33 MP: 5/5
  1200 | D:2      | Slain by an ooze

Skill      XL: |  1  2  3  4 |
---------------+-------------+-----
Axes           | 3 |  3.9
Dodging        | 2 |  2.2
Stealth        | 1 |  1.3
Fighting       | 4 |  4.2
Maces & Flails | |  0.4
Armour         | |  2.5

Action                   |  1- 3 |  4- 6 || total
-------------------------+-------+-------++-------
Melee: Hand axe          |   121 |    21 ||   142
       Whip              |       |    20 ||    20
Invok: Berserk           |       |     1 ||     1
 Stab: Sleeping          |     2 |     1 ||     3
  Eat: Chunk             |       |     1 ||     1
Armor: Animal skin       |    40 |    11 ||    51
Dodge: Dodged            |    77 |    29 ||   106
